 Dungeon Crawl Stone Soup version 0.30-a0-737-gf23d94013f (webtiles) character file.

Game seed: 4176330382015401815

16116 mopl the Zephyrmancer (level 12, -29/81 HPs)
             Began as a Red Draconian Air Elementalist on Feb 2, 2023.
             Was an Elder of Vehumet.
             Annihilated by a boulder beetle simulacrum (35 damage)
             ... on level 11 of the Dungeon.
             The game lasted 00:28:41 (15632 turns).

mopl the Zephyrmancer (DrAE)                       Turns: 15632, Time: 00:28:42

Health: -29/81     AC: 12    Str: 11    XL:     12   Next: 7%
Magic:  23/26      EV: 11    Int: 19    God:    Vehumet [****..]
Gold:   416        SH:  5    Dex: 13    Spells: 17/32 levels left

rFire   + . .      SeeInvis .    z - +2 whip (venom)
rCold   . . .      Faith    .    j - +0 buckler
rNeg    . . .      Spirit   .    (body armour unavailable)
rPois   +          Reflect  .    (helmet restricted)
rElec   .          Harm     .    f - +0 cloak
rCorr   +          Rampage  .    h - +1 pair of gloves
Will    .....                    g - +0 pair of boots
Stlth   ++                       (no amulet)
HPRegen 0.33/turn                c - ring of poison resistance
MPRegen 0.20/turn                Q - ring of resist corrosion

@: no status effects
A: breathe fire, AC +8, unfitting armour, fire resistance 1, cold-blooded
a: Breathe Fire, Renounce Religion


You were on level 11 of the Dungeon.
You worshipped Vehumet.
Vehumet was greatly pleased with you.
You visited 2 branches of the dungeon, and saw 12 of its levels.
You also visited: Bailey.

You collected 755 gold pieces.
You spent 339 gold pieces at shops.

Inventory:

Hand Weapons
 y - a +0 scimitar of flaming
 z - a +2 whip of venom (weapon)
Missiles
 o - 8 javelins
 s - 8 poisoned darts
 w - 8 boomerangs
 N - 3 boomerangs of dispersal
Armour
 f - a +0 cloak (worn)
 g - a +0 pair of boots (worn)
 h - a +1 pair of gloves (worn)
 j - a +0 buckler (worn)
Jewellery
 c - a ring of poison resistance (left hand)
 m - a ring of flight
 Q - a ring of resist corrosion (right hand)
 S - a ring of fire
Wands
 t - a wand of polymorph (11)
 u - a wand of flame (20)
 K - a wand of mindburst (12)
 L - a wand of light (3)
 O - a wand of iceblast (2)
Scrolls
 b - 2 scrolls of magic mapping
 d - 8 scrolls of teleportation
 e - 4 scrolls of identify
 p - 2 scrolls of enchant weapon {unknown}
 v - a scroll of torment {!r}
 C - 2 scrolls of vulnerability {unknown}
 F - a scroll of butterflies
 G - 3 scrolls of acquirement {unknown}
 M - 2 scrolls of poison
 P - a scroll of fear {unknown}
Potions
 a - 3 potions of magic
 i - 2 potions of flight
 n - 5 potions of curing
 q - a potion of brilliance
 r - 6 potions of invisibility
 A - 4 potions of might
 E - 4 potions of haste
 I - a potion of heal wounds
 J - a potion of cancellation


   Skills:
 - Level 1.7 Dodging
 - Level 1.7 Stealth
 - Level 4.0 Shields
 + Level 10.6 Spellcasting
 + Level 11.3 Conjurations
 + Level 11.6 Air Magic


You had 17 spell levels left.
You knew the following spells:

 Your Spells              Type           Power      Damage    Failure   Level
a - Shock                 Conj/Air       100%       1d9       1%          1
b - Static Discharge      Conj/Air       100%       2-7/arc   1%          2
c - Freezing Cloud        Conj/Ice/Air   19%        6-21      3%          5
d - Mephitic Cloud        Conj/Pois/Air  39%        N/A       1%          3
f - Airstrike             Air            26%        2d(4-20)  1%          4

Your spell library contained the following spells:

 Spells                   Type           Power      Damage    Failure   Level
 Magic Dart               Conj           100%       1d8       1%          1
 Poisonous Vapours        Pois/Air       64%        N/A       1%          2
 Stone Arrow              Conj/Erth      62%        3d10      1%          3
 Swiftness                Air            53%        N/A       1%          3
 Sandblast                Erth           20%        2d7       2%          1
 Cigotuvi's Dreadful Rot  Necr/Pois/Air  48%        N/A       2%          2
 Summon Small Mammal      Summ           40%        N/A       9%          1
 Call Imp                 Summ           10%        N/A       14%         2
 Passwall                 Tmut/Erth      8%         N/A       14%         2
 Orb of Destruction       Conj           26%        9d9       17%         7
 Call Canine Familiar     Summ           10%        N/A       26%         3
 Summon Guardian Golem    Hex/Summ       10%        N/A       26%         3
 Spellforged Servitor     Conj/Summ      15%        N/A       85%         7


Dungeon Overview and Level Annotations

Branches:
Dungeon (11/15)            Temple (0/1) D:6            Lair (1/5) D:11
 Bailey (visited)
    Orc: D:9-12

Altars:
Ashenzari
Cheibriados
Elyvilon
Gozag
Hepliaklqana
Makhleb
Okawaru
Qazlal
Vehumet
Wu Jian
Zin
The Shining One

Shops:
D:1 ***

Annotations:
D:3 dig


Innate Abilities, Weirdness & Mutations

You can breathe blasts of fire.
Your fiery red scales are hard. (AC +8)
You cannot fit into any form of body armour.
Your flesh is heat resistant. (rF+)
You are cold-blooded and may be slowed by cold attacks.


Message History

Unknown command.
A basilisk comes into view.
The basilisk hisses angrily.
The basilisk gazes at you. You resist with some effort.
The basilisk gazes at you.
You are slowing down.
Your limbs are stiffening.
You block the boulder beetle simulacrum's attack.
You have turned to stone.
The boulder beetle simulacrum bites you but does no damage.
The boulder beetle simulacrum bites you!
The boulder beetle simulacrum freezes you!
The basilisk gazes at you. You resist with some effort.
The boulder beetle simulacrum bites you but does no damage.
The basilisk bites you!
The boulder beetle simulacrum bites you!
The boulder beetle simulacrum freezes you!!
You feel yourself slow down. The basilisk gazes at you.
The boulder beetle simulacrum bites you!
The boulder beetle simulacrum freezes you!
You feel as though you will be slow longer.
The basilisk bites you!
The boulder beetle simulacrum bites you.
The boulder beetle simulacrum freezes you!
* * * LOW HITPOINT WARNING * * *
The basilisk gazes at you.
The boulder beetle simulacrum bites you but does no damage.
The basilisk gazes at you.
You turn to flesh and can move again.
There is a stone staircase leading up, spattered with blood here.
You feel yourself speed up. The basilisk bites you.
* * * LOW HITPOINT WARNING * * *
The boulder beetle simulacrum bites you!
* * * LOW HITPOINT WARNING * * *
The boulder beetle simulacrum freezes you!!
You die...

#........................c #....
#......................... #....
#......................... #....
#...................#####..##....
#...................# #..##....
#...................# #..##O...
###.................# #..##....
♣.#............l....# #..##....
..#..(.......(.Z@...# #..##....
..#.................# #..##....
###.................#####O.##....
#.......................zc.......
################################


You could see a basilisk and a boulder beetle simulacrum.

Vanquished Creatures
  Erica (D:8)
  2 two-headed ogres
  Pikel (D:5)
  An ugly thing (D:11)
  A spectral centaur (D:11)
  Maurice (D:9)
  2 centaur zombies (D:11)
  A gargoyle (D:10)
  A centaur skeleton (D:11)
  A cane toad (Lair:1)
  4 flying skulls
  Sigmund (D:6)
  3 centaur simulacra
  26 yaks
  3 wraiths (D:11)
  5 vampire mosquitoes (D:11)
  Menkaure (D:6)
  2 wargs (D:11)
  2 acid dragons (D:10)
  Duvessa (D:4)
  A water moccasin (Lair:1)
  5 orc warriors
  4 sky beasts
  3 ice beasts
  3 black bears
  A boulder beetle simulacrum (D:11)
  7 centaurs
  4 lemures
  2 phantoms
  A gnoll sergeant (D:8)
  2 necrophages
  4 bullfrogs
  3 scorpions
  5 wights (D:9)
  Dowan (D:4)
  7 killer bees
  3 howler monkeys
  5 hounds
  A jelly (D:6)
  4 orc priests
  4 iguanas
  Ijyb (D:4)
  9 orc wizards
  14 gnolls
  5 adders
  3 shadow imps
  2 white imps
  An ufetubus (D:6)
  A worm (D:2)
  3 dart slugs
  30 orcs
  2 bats (D:1)
  5 endoplasms
  5 giant cockroaches
  7 goblins
  6 hobgoblins
  3 jackals (D:1)
  3 kobolds
  4 quokkas
  6 ball pythons
  3 frilled lizards
  5 rats
248 creatures vanquished.

Vanquished Creatures (others)
  A fungus (D:1)
  37 plants
38 creatures vanquished.

Grand Total: 286 creatures vanquished

Notes
Turn   | Place    | Note
-------+----------+-------------------------------------------
     0 | D:1      | mopl the Draconian Air Elementalist began the quest for the
                  | Orb.
     0 | D:1      | Reached XP level 1. HP: 14/14 MP: 3/3
    25 | D:1      | Found Qookej's Assorted Antiques.
   179 | D:1      | Found Goankiakk's General Store.
   204 | D:1      | Reached XP level 2. HP: 6/20 MP: 0/5
   334 | D:1      | Learned a level 2 spell: Static Discharge
   386 | D:1      | Found Uplastub's General Store.
   438 | D:1      | Found a faded altar of an unknown god.
   909 | D:1      | You fall into a shaft and drop 1 floor!
   955 | D:2      | Reached XP level 3. HP: 26/26 MP: 0/6
   959 | D:2      | Reached skill level 2 in Conjurations
  1147 | D:1      | Bought a potion of heal wounds for 55 gold pieces
  1788 | D:1      | Bought a scroll of identify for 22 gold pieces
  1896 | D:3      | Reached XP level 4. HP: 33/33 MP: 1/8
  1913 | D:3      | Learned a level 4 spell: Airstrike
  2096 | D:3      | Found an opulent altar of Gozag.
  2101 | D:3      | Found an opulent altar of Gozag.
  2107 | D:3      | Found an opulent altar of Gozag.
  2113 | D:3      | Found an opulent altar of Gozag.
  2370 | D:1      | Bought 2 inky potions for 48 gold pieces
  2432 | D:4      | Reached skill level 1 in Shields
  2516 | D:4      | Reached skill level 3 in Spellcasting
  2620 | D:4      | Found a radiant altar of Vehumet.
  2628 | D:4      | Became a worshipper of Vehumet
  2655 | D:4      | Reached skill level 4 in Air Magic
  2655 | D:4      | Reached XP level 5. HP: 38/38 MP: 6/9
  2721 | D:4      | Found a burning altar of Makhleb.
  2920 | D:4      | Noticed Ijyb
  2920 | D:4      | Noticed a black bear
  2997 | D:5      | Entered Level 5 of the Dungeon
  3003 | D:5      | Reached skill level 2 in Shields
  3003 | D:5      | Reached skill level 3 in Conjurations
  3092 | D:5      | Found a glowing silver altar of Zin.
  3146 | D:5      | Reached XP level 6. HP: 45/45 MP: 5/11
  3514 | D:4      | Killed Ijyb
  3515 | D:4      | Reached skill level 4 in Spellcasting
  3515 | D:4      | Your scales start taking on a fiery red colour.
  3515 | D:4      | Reached XP level 7. HP: 24/50 MP: 1/13
  3515 | D:4      | Gained mutation: Your flesh is heat resistant. (rF+) [Red
                  | Draconian growth]
  3607 | D:5      | Reached skill level 3 in Shields
  3809 | D:4      | Reached skill level 4 in Conjurations
  3912 | D:4      | Noticed Duvessa
  3912 | D:4      | Noticed Dowan
  3935 | D:4      | Killed Duvessa
  3936 | D:4      | Reached skill level 5 in Air Magic
  3943 | D:4      | Killed Dowan
  4292 | D:1      | Bought 3 scrolls of identify for 78 gold pieces
  4368 | D:5      | Noticed Pikel
  4491 | D:5      | Found an ornate altar of the Wu Jian Council.
  4840 | D:1      | Bought a scroll labelled WUMUAVVYBLIS for 27 gold pieces
  4897 | D:4      | Reached skill level 4 in Shields
  4897 | D:4      | Reached XP level 8. HP: 48/57 MP: 10/15
  4918 | D:5      | Killed Pikel
  4918 | D:5      | Reached * piety under Vehumet
  4918 | D:5      | Offered knowledge of Kiss of Death by Vehumet.
  4919 | D:5      | Reached skill level 5 in Spellcasting
  4919 | D:5      | Reached skill level 5 in Conjurations
  4919 | D:5      | Reached skill level 6 in Air Magic
  5105 | D:5      | Identified the +7 mace "Myuduix" {vamp, rElec}
  5317 | D:6      | Noticed Sigmund
  5331 | D:6      | Killed Sigmund
  5485 | D:6      | Reached skill level 6 in Conjurations
  5653 | D:6      | Reached skill level 6 in Spellcasting
  5732 | D:6      | Reached skill level 7 in Air Magic
  5732 | D:6      | Reached XP level 9. HP: 59/62 MP: 13/18
  5836 | D:6      | Noticed Menkaure
  6076 | D:6      | Killed Menkaure
  6177 | D:6      | Reached skill level 7 in Conjurations
  6322 | D:6      | Found a staircase to the Ecumenical Temple.
  6720 | D:7      | Found a glowing golden altar of the Shining One.
  6812 | D:7      | Found a flagged portal.
  6822 | Bailey   | Entered a bailey
  7287 | Bailey   | Reached ** piety under Vehumet
  7292 | Bailey   | Offered knowledge of Searing Ray by Vehumet.
  7311 | Bailey   | Learned a level 3 spell: Mephitic Cloud
  7580 | D:7      | Reached skill level 7 in Spellcasting
  7580 | D:7      | Reached skill level 8 in Air Magic
  7688 | D:7      | Reached skill level 8 in Conjurations
  7996 | D:7      | Reached XP level 10. HP: 69/69 MP: 14/21
  8160 | D:1      | Bought a scroll of identify for 26 gold pieces
  8160 | D:1      | Bought a scroll of teleportation for 39 gold pieces
  8197 | D:1      | Bought a scroll of poison for 44 gold pieces
  8362 | D:7      | Found a hazy altar of Hepliaklqana.
  8426 | D:7      | Found a stormy altar of Qazlal.
  9181 | D:8      | Noticed Erica
  9189 | D:8      | Killed Erica
  9190 | D:8      | Reached skill level 8 in Spellcasting
  9190 | D:8      | Reached skill level 9 in Air Magic
  9473 | D:8      | Offered knowledge of Ignite Poison by Vehumet.
  9785 | D:8      | Found a snail-covered altar of Cheibriados.
 10256 | D:9      | Noticed Maurice
 10262 | D:9      | Killed Maurice
 10263 | D:9      | Reached skill level 9 in Conjurations
 10483 | D:9      | Reached *** piety under Vehumet
 10682 | D:9      | Reached skill level 9 in Spellcasting
 10687 | D:9      | Reached skill level 10 in Air Magic
 10829 | D:9      | Reached XP level 11. HP: 47/74 MP: 21/24
 11211 | D:9      | Found a broken altar of Ashenzari.
 11668 | D:9      | Found an iron altar of Okawaru.
 11795 | D:10     | Entered Level 10 of the Dungeon
 11968 | D:10     | Offered knowledge of Flame Wave by Vehumet.
 12092 | D:10     | Reached skill level 10 in Conjurations
 12109 | D:9      | HP: 1/74 [/static electricity (3)]
 12777 | D:10     | Found a white marble altar of Elyvilon.
 12838 | D:10     | Noticed a two-headed ogre
 12849 | D:10     | Killed a two-headed ogre
 13109 | D:11     | Noticed a two-headed ogre
 13831 | D:11     | Reached **** piety under Vehumet
 13832 | D:11     | Reached skill level 10 in Spellcasting
 13832 | D:11     | Reached skill level 11 in Air Magic
 14407 | D:11     | Killed a two-headed ogre
 14488 | D:11     | Reached skill level 11 in Conjurations
 14668 | D:11     | Offered knowledge of Freezing Cloud by Vehumet.
 14843 | D:11     | Learned a level 5 spell: Freezing Cloud
 14977 | D:11     | Found a staircase to the Lair.
 15093 | D:11     | Noticed a cyan ugly thing
 15116 | D:11     | Killed a cyan ugly thing
 15117 | D:11     | Reached XP level 12. HP: 14/81 MP: 23/26
 15320 | Lair:1   | Entered Level 1 of the Lair of Beasts
 15632 | D:11     | Annihilated by a boulder beetle simulacrum

Illustrated notes

Levels and vault maps discovered:
D:1:      lightli_arrival_farm, layout_basic,
          dreamdust_ecumenical_altar_hidden_monk_grotto, serial_shops, shop,
          nicolae_shop_statue_plus, shop, serial_forest,
          infiniplex_forest_straight_2, infiniplex_forest_clump_C,
          infiniplex_forest_lined_ring, infiniplex_forest_clump_large,
          infiniplex_forest_clump_tiny, infiniplex_forest_clump_curved,
          infiniplex_forest_clump_tiny, infiniplex_forest_lined_ring,
          chequers_avenue
D:2:      layout_basic
D:3:      layout_rooms, nicolae_gozag_conspicuous_consumption,
          minmay_misc_feat_iff, st_stairs_12, chequers_jeans
D:4:      layout_cave_pods, makhleb_heckhound_becter,
          nicolae_vehumet_altar_sigil, uniq_ijyb, uniq_duvessa
D:5:      layout_rooms, mainiacjoe_overflow_chevrons, lemuel_round_altar,
          minmay_circle_x, uniq_pikel
D:6:      hangedman_cross_stitches, layout_basic, minmay_temple_entry_fiery,
          uniq_menkaure, uniq_sigmund
D:7:      layout_basic, tso_metal_star, mainiacjoe_overflow_divided_tiny,
          enter_bailey_3
D:8:      layout_basic, mainiacjoe_overflow_catwalk, serial_co_window_serial,
          co_window_corner_a, co_window_of_opportunity_a, co_window_corner_a,
          co_window_corner_a, co_window_corner_a, co_window_unsneaky_path_a,
          co_window_2corner, co_window_of_opportunity_c, glass_columns_a,
          glass_columns_c, glass_columns_c, uniq_erica
D:9:      layout_loops_ring, marbit_many_paths, amcnicky_altar_gilded,
          st_stairs_5, uniq_maurice
D:10:     layout_gridville, lemuel_coloured_pillars_altar, serial_glass,
          glass_columns_b, glass_columns_c
D:11:     lemuel_vampire_tower, layout_long_grid, kennysheep_nondescript,
          grunt_dithmenos_smoke
Lair:1:   layout_roguey, dreamdust_wasp_nest

Skill      XL: |  1  2  3  4  5  6  7  8  9 10 11 |
---------------+----------------------------------+-----
Conjurations   | 2 3 4 6 8 9 11 | 11.3
Shields        | 1 2 4 |  4.0
Spellcasting   | 3 4 6 7 9 10 | 10.6
Air Magic      | 4 5 7 8 10 11 | 11.6
Dodging        | |  1.7
Stealth        | |  1.7

Action                     |  1- 3 |  4- 6 |  7- 9 | 10-12 || total
---------------------------+-------+-------+-------+-------++-------
  Melee: Unarmed           |    45 |       |       |       ||    45
         Tailslap          |     3 |     3 |    35 |    33 ||    74
         Punch             |     1 |       |       |       ||     1
         Trident           |     9 |    37 |    21 |       ||    67
         Whip              |       |       |   159 |   158 ||   317
   Cast: Shock             |    76 |    66 |    10 |     4 ||   156
         Static Discharge  |       |    18 |    74 |    96 ||   188
         Airstrike         |       |       |    11 |    65 ||    76
         Mephitic Cloud    |       |       |     9 |       ||     9
Ability: Breathe Fire      |       |       |     1 |    32 ||    33
  Evoke: Wand              |       |     1 |     6 |     6 ||    13
    Use: Scroll            |       |     4 |     4 |     7 ||    15
         Potion            |       |     1 |     1 |     1 ||     3
   Stab: Paralysed         |       |     2 |     8 |       ||    10
         Sleeping          |       |       |     9 |       ||     9
         Confused          |       |       |     2 |       ||     2
 Armour: Skin              |    22 |    29 |    94 |   129 ||   274
  Dodge: Dodged            |    55 |    32 |   140 |   163 ||   390
  Block: Buckler           |       |     6 |    48 |    71 ||   125

Table legend: (Time is in decaauts)
 A = Elapsed time spent in this place.
 B = Non-inter-level travel time spent in this place.
 C = Inter-level travel time spent in this place.
 D = Time resting spent in this place.
 E = Time spent auto-exploring this place.
 F = Levels seen in this place.
 G = Mean time per level.
                   A        B        C        D        E       F      G
               +--------+--------+--------+--------+--------+-----+--------+
         Total |  15753 |  14603 |   1150 |   6080 |   5782 |  13 | 1211.8 |
       Dungeon |  14935 |  13785 |   1150 |   5641 |   5685 |  11 | 1357.7 |
          Lair |     69 |     69 |      0 |     46 |      0 |   1 |   69.0 |
        Bailey |    748 |    748 |      0 |    393 |     97 |   1 |  748.0 |
               +--------+--------+--------+--------+--------+-----+--------+

Top non-repeatable levels by time:
    D:10: 2048 daAuts
     D:9: 1962 daAuts
     D:4: 1734 daAuts
    D:11: 1484 daAuts
     D:1: 1266 daAuts
     D:5: 1260 daAuts
     D:6: 1240 daAuts
     D:8: 1214 daAuts
     D:7: 1206 daAuts
     D:2: 869 daAuts
  Bailey: 748 daAuts
     D:3: 646 daAuts
  Lair:1: 69 daAuts
